 Dungeon Crawl Stone Soup version 0.28.0-43-g3370ac3207 (webtiles) character file.

Game seed: 2580400799672085729

6901 zeram the Basher (level 11, -8/67 HPs)
             Began as a Gargoyle Fighter on Mar 5, 2022.
             Was a Follower of Qazlal.
             Mangled by a black mamba (12 damage)
             ... on level 1 of the Lair of Beasts.
             The game lasted 00:10:24 (8002 turns).

zeram the Basher (Gargoyle Fighter)                 Turns: 8002, Time: 00:10:24

Health: -8/67      AC: 25    Str: 25    XL:     11   Next: 6%
Magic:  11/11      EV:  7    Int:  8    God:    Qazlal [*.....]
Gold:   379        SH:  7    Dex:  9    Spells: 10/10 levels left

rFire   . . .      SeeInvis +   o - +3 morningstar
rCold   . . .      Faith    .   c - +0 buckler
rNeg    + . .      Spirit   .   i - +0 plate armour
rPois   ∞          Reflect  .   (no helmet)
rElec   +          Harm     .   j - +0 cloak
rCorr   .          Rampage  .   (no gloves)
Will    .....                   x - +0 pair of boots
Stlth   ..........              (no amulet)
HPRegen 0.21/turn               d - ring of see invisible
MPRegen 0.12/turn               u - +4 ring of slaying

@: no status effects
A: sickness immunity, AC +8, negative energy resistance 1, electricity
resistance, torment resistance 1, petrification resistance
a: Renounce Religion


You were on level 1 of the Lair of Beasts.
You worshipped Qazlal.
Qazlal was aware of your devotion.
You visited 2 branches of the dungeon, and saw 9 of its levels.

You collected 379 gold pieces.

Inventory:

Hand Weapons
 a - a +1 flail
 o - a +3 morningstar (weapon)
 B - a +2 whip of draining
Missiles
 C - a throwing net (quivered)
Armour
 b - a +0 scale mail
 c - a +0 buckler (worn)
 e - +0 steam dragon scales
 i - a +0 plate armour (worn)
 j - a +0 cloak (worn)
 x - a +0 pair of boots (worn)
Jewellery
 d - a ring of see invisible (left hand)
 l - a ring of positive energy
 t - a ring of willpower
 u - a +4 ring of slaying (right hand)
 v - a +6 ring of intelligence
Wands
 g - a wand of flame (14)
 p - a wand of mindburst (9)
Scrolls
 f - 2 scrolls of summoning
 k - a scroll of enchant weapon
 q - a scroll of immolation {unknown}
 s - 2 scrolls of noise
 w - 2 scrolls of vulnerability {unknown}
 y - a scroll of magic mapping
 A - 5 scrolls of identify
 E - a scroll of teleportation
Potions
 h - a potion of mutation
 m - a potion of heal wounds
 n - a potion of flight
 r - a potion of degeneration {unknown}
 z - a potion of haste
 D - a potion of magic {unknown}
 F - 2 potions of ambrosia {unknown}


   Skills:
 + Level 7.5 Fighting
 + Level 11.8 Maces & Flails
 + Level 9.4 Armour
 + Level 1.7 Dodging
 + Level 6.7 Shields
 + Level 1.6 Evocations


You had 10 spell levels left.
You didn't know any spells.
Your spell library contained the following spells:

 Spells                   Type           Power      Damage    Failure   Level
 Apportation              Tloc           0%         N/A       99%         1
 Pain                     Necr           0%         1d4       99%         1
 Shock                    Conj/Air       0%         1d3       99%         1
 Blink                    Tloc           0%         N/A       100%        2
 Wereblood                Tmut           0%         N/A       100%        2
 Ignite Poison            Fire/Tmut/Pois 0%         N/A       100%        3
 Mephitic Cloud           Conj/Pois/Air  0%         N/A       100%        3
 Swiftness                Air            0%         N/A       100%        3
 Airstrike                Air            0%         N/A       100%        4
 Agony                    Necr           0%         N/A       100%        5
 Alistair's Intoxication  Tmut/Pois      0%         N/A       100%        5
 Excruciating Wounds      Necr           0%         N/A       100%        5
 Freezing Cloud           Conj/Ice/Air   0%         6-21      100%        5
 Manifold Assault         Tloc           0%         N/A       100%        5
 Storm Form               Tmut/Air       0%         N/A       100%        7
 Summon Hydra             Summ           0%         N/A       100%        7
 Sublimation of Blood     Necr           Unusable   N/A       N/A         2

Dungeon Overview and Level Annotations

Branches:
Dungeon (8/15)             Temple (0/1) D:5            Lair (1/6) D:8

Altars:
Cheibriados
Dithmenos
Elyvilon
Gozag
Hepliaklqana
Kikubaaqudgha
Qazlal
Ru
Sif Muna
Vehumet
Yredelemnul
Zin
The Shining One


Innate Abilities, Weirdness & Mutations

You are immune to sickness and miasma.
Your stone body is resilient. (AC +8)
You are immune to poison.
You resist negative energy. (rN+)
You are resistant to electric shocks. (rElec)
You are resistant to unholy torment.
You are immune to petrification.


Message History

You are too injured to fight recklessly!
You are too injured to fight recklessly!
You are too injured to fight recklessly!
You are too injured to fight recklessly!
You are too injured to fight recklessly!
You are too injured to fight recklessly!
You are too injured to fight recklessly!
You are too injured to fight recklessly!
You are too injured to fight recklessly!
You are too injured to fight recklessly!
You are too injured to fight recklessly!
You are too injured to fight recklessly!
You are too injured to fight recklessly!
Unknown command.
You are too injured to fight recklessly!
You block the black mamba's attack. The black mamba bites you.
You closely miss the black mamba.
The black mamba is moderately wounded.
The black mamba bites you.
You completely miss the black mamba. The black mamba completely misses you.
The black mamba bites you but does no damage. x2
You closely miss the black mamba. The black mamba bites you!
* * * LOW HITPOINT WARNING * * *
The black mamba bites you.
* * * LOW HITPOINT WARNING * * *
You block the black mamba's attack. The black mamba closely misses you.
You closely miss the black mamba. You block the black mamba's attack.
The black mamba bites you but does no damage.
The black mamba bites you.
* * * LOW HITPOINT WARNING * * *
The black mamba bites you but does no damage. x3
Unknown command.
The black mamba bites you but does no damage. x2
The black mamba bites you!
* * * LOW HITPOINT WARNING * * *
There is an open door here.
The black mamba is engulfed in blazing flames.
The black mamba bites you!
You die...

#### ##..###### ## #........#
####.#### #########........##
#........ #.#.##.##........P#
P........
.......#P.........####........
######..'........#S...........
####.<......S○..#........
#.......§@##.##........
########'P#####...[.... ##.##
#........ ##..# #........
#..## ##.#)#P## #.## #..###
### ###†# # +## #.###
####.#'###.# ....#
#..........#


You could see 2 black mambas.

Vanquished Creatures
  2 two-headed ogres
  A black mamba (Lair:1)
  Maggie (D:6)
  A cane toad (Lair:1)
  3 komodo dragons (D:8)
  4 yaks (Lair:1)
  A steam dragon (D:7)
  4 water moccasins
  Duvessa (D:6)
  A sky beast (D:6)
  A swamp drake (D:8)
  2 ice beasts
  3 necrophages
  6 black bears
  A phantom (D:6)
  A kobold brigand (D:8)
  2 bullfrogs
  A scorpion (D:5)
  A wyvern zombie (D:6)
  A gnoll sergeant (D:8)
  Dowan (D:5)
  4 killer bees (D:7)
  14 wights
  A centaur zombie (D:6)
  A hound (D:5)
  A centaur skeleton (D:7)
  2 iguanas
  Natasha (thrice) (D:2)
  4 gnolls
  2 adders (D:3)
  A river rat (D:6)
  An ufetubus (D:6)
  A worm (D:6)
  2 dart slugs
  14 orcs
  7 ball pythons
  3 endoplasms
  3 giant cockroaches
  3 goblins
  2 hobgoblins
  2 jackals (D:2)
  8 kobolds
  2 quokkas
  2 bats
  A frilled lizard (D:2)
  4 rats
127 creatures vanquished.

Vanquished Creatures (collateral kills)
  A black bear (D:7)
  An ogre (D:7)
2 creatures vanquished.

Vanquished Creatures (others)
  2 fungi (Lair:1)
  14 plants (Lair:1)
16 creatures vanquished.

Grand Total: 145 creatures vanquished

Notes
Turn   | Place    | Note
-------+----------+-------------------------------------------
     0 | D:1      | zeram the Gargoyle Fighter began the quest for the Orb.
     0 | D:1      | Reached XP level 1. HP: 14/14 MP: 1/1
     3 | D:1      | Noticed an electric eel
     4 | D:1      | Noticed an electric eel
   585 | D:1      | Found a faded altar of an unknown god.
   778 | D:1      | Reached XP level 2. HP: 20/20 MP: 2/2
  1413 | D:3      | Reached XP level 3. HP: 18/24 MP: 3/3
  1832 | D:3      | Found a radiant altar of Vehumet.
  1909 | D:3      | Found the +8 trident of the Octopus King {venom, rElec
                  | rPois}
  2309 | D:2      | Reached XP level 4. HP: 26/29 MP: 4/4
  2368 | D:2      | Noticed Natasha
  2376 | D:2      | Killed Natasha
  2533 | D:2      | Noticed Natasha
  2544 | D:2      | Killed Natasha
  2691 | D:2      | Noticed Natasha
  2699 | D:2      | Killed Natasha
  2700 | D:2      | Reached skill level 3 in Maces & Flails
  2700 | D:2      | Reached XP level 5. HP: 29/33 MP: 5/5
  2955 | D:4      | You fall into a shaft and drop 3 floors!
  2983 | D:7      | Noticed a black bear
  2993 | D:7      | Killed a black bear
  2994 | D:7      | Reached skill level 5 in Armour
  2994 | D:7      | Reached XP level 6. HP: 38/38 MP: 6/6
  3133 | D:7      | Noticed a steam dragon
  3147 | D:7      | Killed a steam dragon
  3148 | D:7      | Reached skill level 4 in Maces & Flails
  3148 | D:7      | Reached XP level 7. HP: 33/44 MP: 7/7
  3346 | D:6      | Noticed Maggie
  3366 | D:6      | Killed Maggie
  3367 | D:6      | Reached skill level 5 in Maces & Flails
  3367 | D:6      | Reached skill level 1 in Dodging
  3367 | D:6      | Reached XP level 8. HP: 37/48 MP: 8/8
  3518 | D:6      | Reached skill level 5 in Fighting
  3518 | D:6      | Reached skill level 6 in Maces & Flails
  3551 | D:6      | Noticed Duvessa
  3558 | D:6      | Killed Duvessa
  3567 | D:6      | Noticed Dowan
  3575 | D:5      | Entered Level 5 of the Dungeon
  4055 | D:6      | Found a shadowy altar of Dithmenos.
  4066 | D:6      | Found a snail-covered altar of Cheibriados.
  4066 | D:6      | Found a glowing golden altar of the Shining One.
  4066 | D:6      | Found a stormy altar of Qazlal.
  4066 | D:6      | Found an opulent altar of Gozag.
  4229 | D:6      | Reached skill level 7 in Maces & Flails
  4919 | D:7      | Noticed a two-headed ogre
  4928 | D:7      | Killed a two-headed ogre
  4929 | D:7      | Reached skill level 8 in Maces & Flails
  4929 | D:7      | Reached skill level 5 in Shields
  4929 | D:7      | Reached XP level 9. HP: 55/55 MP: 9/9
  4966 | D:5      | Killed Dowan
  5007 | D:6      | Became a worshipper of Qazlal Stormbringer
  5077 | D:5      | Found a staircase to the Ecumenical Temple.
  5437 | D:5      | Reached skill level 9 in Maces & Flails
  5767 | D:7      | Found a white marble altar of Elyvilon.
  5770 | D:7      | Found a basalt altar of Yredelemnul.
  5778 | D:7      | Found an ancient bone altar of Kikubaaqudgha.
  5780 | D:7      | Found a glowing silver altar of Zin.
  6111 | D:7      | Found a hazy altar of Hepliaklqana.
  6111 | D:7      | Found a shimmering blue altar of Sif Muna.
  6112 | D:7      | Found a sacrificial altar of Ru.
  6324 | D:8      | Noticed a two-headed ogre
  6335 | D:8      | Killed a two-headed ogre
  6336 | D:8      | Reached skill level 10 in Maces & Flails
  6336 | D:8      | Reached skill level 1 in Evocations
  6336 | D:8      | Reached XP level 10. HP: 60/61 MP: 10/10
  6553 | D:8      | Reached * piety under Qazlal
  7159 | D:8      | Reached skill level 11 in Maces & Flails
  7233 | D:8      | Found a staircase to the Lair.
  7561 | Lair:1   | Entered Level 1 of the Lair of Beasts
  7561 | Lair:1   | Noticed a cane toad
  7567 | Lair:1   | Killed a cane toad
  7690 | Lair:1   | Noticed a black mamba
  7701 | Lair:1   | Killed a black mamba
  7825 | Lair:1   | Reached XP level 11. HP: 55/67 MP: 11/11
  8002 | Lair:1   | Mangled by a black mamba

Illustrated notes

Levels and vault maps discovered:
D:1:      arrival_aquarium_b, layout_loops_ring,
          hellmonk_ecumenical_altar_run_dry, serial_park_tiny_2,
          amcnicky_mini_pool_small
D:2:      layout_basic, uniq_natasha
D:3:      layout_basic, vehumet_crystals, chequers_serial_rivers_micro_a,
          minivault_26
D:4:      layout_basic, minmay_misc_feat_ornament
D:5:      layout_basic, minmay_temple_entry_tees, interstate_on_off
D:6:      layout_basic, grunt_temple_overflow_open, portal_sewer_entry_b,
          minmay_misc_feat_pillars, uniq_duvessa, uniq_maggie
D:7:      layout_cave_pools, minitemple, gammafunk_temple_overflow_claw,
          roderic_serpentine_path, chequers_avenue, kennysheep_generic_room_7
D:8:      layout_basic, erik_lair_dragon
Lair:1:   layout_roguey, serial_bayou_shore_a

Skill      XL: |  1  2  3  4  5  6  7  8  9 10 |
---------------+-------------------------------+-----
Armour         | 4 5 6 7 8 9 |  9.4
Fighting       | 4 6 7 |  7.5
Maces & Flails | 3 4 5 8 10 11 | 11.8
Shields        | 4 5 6 |  6.7
Dodging        | 1 |  1.7
Evocations     | 1 |  1.6

Action                   |  1- 3 |  4- 6 |  7- 9 | 10-12 || total
-------------------------+-------+-------+-------+-------++-------
Melee: Flail             |   116 |    43 |   103 |       ||   262
       Morningstar       |       |       |   111 |   150 ||   261
Evoke: Wand              |       |       |     8 |       ||     8
  Use: Scroll            |     1 |     4 |     6 |       ||    11
       Potion            |     3 |     2 |     3 |       ||     8
 Stab: Paralysed         |       |       |     9 |       ||     9
Armor: Scale mail        |    21 |       |       |       ||    21
       Plate armour      |    78 |    35 |   201 |    80 ||   394
Dodge: Dodged            |    31 |    10 |   102 |    26 ||   169
Block: Buckler           |    21 |     9 |    81 |    41 ||   152
